 Dungeon Crawl Stone Soup version 0.20-a0-1122-gb7cbeb9 (webtiles) character file.

6202 Alarkh the Destroyer (level 10, -5/63 HPs)
             Began as a Demonspawn Earth Elementalist on May 14, 2017.
             Was a Priest of Okawaru.
             Slain by a spiny frog (19 damage)
             ... on level 1 of the Lair of Beasts.
             The game lasted 00:16:35 (14101 turns).

Alarkh the Destroyer (DsEE)                        Turns: 14101, Time: 00:16:36

Health: -5/63      AC:  9    Str: 15    XL:     10   Next: 61%
Magic:  9/21       EV: 12    Int: 19    God:    Okawaru [***...]
Gold:   627        SH:  0    Dex: 13    Spells: 18/24 levels left

rFire    . . .     SeeInvis .   a - +1 whip (elec)
rCold    . . .     Gourm    .   (no shield)
rNeg     + . .     Faith    .   M - +0 steam dragon scales
rPois    +         Spirit   .   (helmet restricted)
rElec    .         Reflect  .   F - scarf {cloud immunity}
rCorr    .         Harm     .   L - +1 pair of gloves {archery}
MR       .....                  (no boots)
Stlth    +++.......             (no amulet)
Regen    0.2/turn               A - ring of positive energy (curse)
MPRegen  0.2/turn               N - ring of poison resistance

@: mighty, about to teleport
A: horns 2, thin metallic scales 1, nightstalker 1, powered by pain 1
a: Heroism, Renounce Religion


You were on level 1 of the Lair of Beasts.
You worshipped Okawaru.
Okawaru was most pleased with you.
You were not hungry.

You visited 3 branches of the dungeon, and saw 10 of its levels.
You also visited: Sewer.

You collected 627 gold pieces.

Inventory:

Hand Weapons
 a - a +1 whip of electrocution (weapon)
 b - a +0 war axe
Missiles
 y - 92 stones (quivered)
Armour
 c - a +0 robe
 q - a +0 cloak
 F - a scarf of cloud immunity (worn)
 L - a +1 pair of gloves of archery (worn)
 M - +0 steam dragon scales (worn)
Magical Staves
 I - an uncursed staff of fire
 J - an uncursed staff of cold
Jewellery
 A - a cursed ring of positive energy (left hand)
 K - a +5 ring of strength
 N - a ring of poison resistance (right hand)
Wands
 G - a wand of iceblast (4/15)
 H - a wand of clouds (3/9)
Scrolls
 e - a scroll of identify
 h - a scroll of recharging {unknown}
 k - a scroll of blinking {unknown}
 m - a scroll of enchant armour {unknown}
 n - 4 scrolls of remove curse
 o - a scroll of random uselessness
 u - 2 scrolls of magic mapping
 B - 2 scrolls of amnesia {unknown}
 C - a scroll of enchant weapon {unknown}
Potions
 f - 3 potions of magic
 g - a potion of flight
 j - 6 potions of curing
 p - a potion of agility
 r - a potion of brilliance
 s - a potion of might
 t - a potion of heal wounds
 w - 3 potions of berserk rage
 x - a potion of ambrosia
 z - a potion of degeneration
Books
 i - a book of Geomancy

   Spells                             Type                      Level
   a - Sandblast                      Earth                        1
   b - Passwall                       Transmutation/Earth          2
   c - Stone Arrow                    Conjuration/Earth            3
   d - Petrify                        Transmutation/Earth          4
   e - Lee's Rapid Deconstruction     Earth                        5
Comestibles
 d - 8 bread rations
 D - a meat ration
 E - 2 royal jellies


   Skills:
 * Level 7.2 Axes
 - Level 1.7 Dodging
 - Level 1.7 Stealth
 + Level 7.7 Spellcasting
 * Level 8.1 Conjurations
 - Level 0.8 Transmutations
 + Level 8.0 Earth Magic


You had 18 spell levels left.
You knew the following spells:

 Your Spells              Type           Power        Failure   Level  Hunger
a - Sandblast             Erth           #####.       1%          1    None
b - Passwall              Tmut/Erth      ###.......   2%          2    None
c - Stone Arrow           Conj/Erth      #####.       1%          3    #......


Dungeon Overview and Level Annotations

Branches:
Dungeon (8/15)             Temple (1/1) D:7            Lair (1/6) D:8

Altars:
Ashenzari
Cheibriados
Dithmenos
Elyvilon
Fedhas
Hepliaklqana
Kikubaaqudgha
Makhleb
Nemelex Xobeh
Okawaru
Qazlal
Ru
Sif Muna
Trog
Uskayaw
Vehumet
Xom
Yredelemnul
Zin
The Shining One

Shops:
D:8 (


Innate Abilities, Weirdness & Mutations

You have a pair of horns on your head.
You are partially covered in thin metallic scales. (AC +2)
You are slightly more attuned to the shadows.
You sometimes gain a little power by taking damage.


Message History

Aiming: Sandblast
Press: ? - help, Shift-Dir - straight line, f/p - spiny frog
Aim: a spiny frog (moderately wounded)
The blast of sand hits the spiny frog.
The spiny frog is heavily wounded.
y - 93 stones The spiny frog stings you.
Casting: Sandblast
Confirm with . or Enter, or press ? or * to list all spells.
Aiming: Sandblast
Press: ? - help, Shift-Dir - straight line, f/p - spiny frog
Aim: a spiny frog (heavily wounded)
The blast of sand hits the spiny frog.
The spiny frog is heavily wounded.
y - 92 stones The spiny frog stings you!
* * * LOW HITPOINT WARNING * * *
As you read the scroll of teleportation, it crumbles to dust.
You feel strangely unstable. The spiny frog stings you!!
You die...

### # #.### #.## ##..####
### ##..###
##..#.####.###.....##
##....F@............##
###..#######.#.........###
#.#..# ##............# ..
####F.## ##.............
...##P##..#
#..............
......#...#
##.....##.......
F........#.#
##...#######.....
..........## #...P# ##....
..F.......# .......## #..#


You could see a spiny frog.

Vanquished Creatures
  A two-headed ogre (D:8)
  A death yak (D:8)
  A deep elf mage (D:8)
  The ghost of oki the Slicer, a novice VSFi of Okawaru (D:5)
  A spiny frog (Lair:1)
  A hippogriff (D:8)
  A basilisk (D:8)
  Eustachio (D:5)
  A steam dragon (D:8)
  A water moccasin (D:8)
  Duvessa (D:5)
  A sky beast (D:8)
  The ghost of anfisbena the Skirmisher, an amateur TrFi (D:3)
  2 ice beasts
  An orc warrior (D:7)
  2 phantoms
  2 wolves (Lair:1)
  2 centaurs
  2 big kobolds
  4 bullfrogs
  Dowan (D:5)
  A scorpion (D:4)
  4 killer bees (D:8)
  A howler monkey (D:7)
  2 crimson imps
  A quasit (D:6)
  5 orc priests
  3 hounds
  Crazy Yiuf (D:5)
  A bullfrog skeleton (D:4)
  Terence (D:2)
  4 iguanas
  7 worker ants
  8 orc wizards
  A worker ant zombie (D:8)
  Robin (D:3)
  11 gnolls
  16 adders
  A shadow imp (D:3)
  An ooze (D:2)
  An adder zombie (D:6)
  An adder skeleton (D:8)
  3 worms
  2 dart slugs (D:1)
  5 leopard geckos
  41 orcs
  6 ball pythons
  7 giant cockroaches
  36 goblins
  44 hobgoblins
  12 jackals
  A quokka (D:2)
  5 bats
  7 frilled lizards
  A jackal skeleton (D:3)
  18 kobolds
  A leopard gecko skeleton (D:4)
  4 rats
  A plant (Sewer)
295 creatures vanquished.

Vanquished Creatures (others)
  A goblin (D:3)
1 creature vanquished.

Grand Total: 296 creatures vanquished

Notes
Turn   | Place    | Note
-------+----------+-------------------------------------------
     0 | D:1      | Alarkh the Demonspawn Earth Elementalist began the quest for the Orb.
     0 | D:1      | Reached XP level 1. HP: 13/13 MP: 3/3
   443 | D:1      | Gained mutation: You sometimes gain a little power by taking damage. [demonic ancestry]
   443 | D:1      | Reached XP level 2. HP: 11/19 MP: 1/5
  1215 | D:2      | Gained mutation: You have a pair of small horns on your head. [demonic ancestry]
  1215 | D:2      | Reached XP level 3. HP: 23/24 MP: 2/6
  1364 | D:2      | Reached XP level 4. HP: 30/30 MP: 5/8
  1821 | D:2      | Noticed Terence
  1944 | D:2      | Learned a level 2 spell: Passwall
  1948 | D:2      | Learned a level 3 spell: Stone Arrow
  2029 | D:2      | Killed Terence
  2029 | D:2      | Gained mutation: You are slightly more attuned to the shadows. [demonic ancestry]
  2029 | D:2      | Reached XP level 5. HP: 16/35 MP: 1/10
  2547 | D:3      | Found a deep blue altar of Sif Muna.
  3130 | D:3      | Noticed anfisbena's ghost (amateur TrFi)
  3320 | D:4      | Reached skill level 5 in Earth Magic
  3320 | D:4      | Reached XP level 6. HP: 31/41 MP: 7/12
  3505 | D:4      | Found a glowing drain.
  3550 | Sewer    | Entered a sewer
  4653 | D:4      | Reached skill level 5 in Spellcasting
  4890 | D:4      | Gained mutation: You are partially covered in thin metallic scales. (AC +2) [demonic ancestry]
  4890 | D:4      | Reached XP level 7. HP: 43/46 MP: 10/14
  5293 | D:3      | Noticed Robin
  5380 | D:3      | Killed Robin
  5509 | D:3      | Found a glowing silver altar of Zin.
  5818 | D:3      | Killed anfisbena's ghost
  5818 | D:3      | Reached skill level 1 in Axes
  5818 | D:3      | Reached skill level 1 in Conjurations
  6858 | D:3      | Reached XP level 8. HP: 29/52 MP: 5/16
  7507 | D:5      | Entered Level 5 of the Dungeon
  7507 | D:5      | Noticed Duvessa
  7507 | D:5      | Noticed Dowan
  7775 | D:5      | Found a runed door.
  7866 | D:5      | Killed Duvessa
  7926 | D:5      | Killed Dowan
  8083 | D:5      | Found a shattered altar of Ashenzari.
  8141 | D:5      | Found a sparkling altar of Nemelex Xobeh.
  8259 | D:5      | Found a white marble altar of Elyvilon.
  8272 | D:5      | Noticed Eustachio
  8287 | D:5      | Killed Eustachio
  8529 | D:5      | Noticed oki's ghost (novice VSFi)
  8534 | D:5      | Killed oki's ghost
  8534 | D:5      | Reached XP level 9. HP: 57/57 MP: 6/18
  8646 | D:5      | Noticed Crazy Yiuf
  8648 | D:5      | Killed Crazy Yiuf
  9109 | D:6      | Found a glowing golden altar of the Shining One.
  9243 | D:6      | Found a snail-covered altar of Cheibriados.
  9676 | D:7      | Reached skill level 5 in Conjurations
 10156 | D:7      | Found a staircase to the Ecumenical Temple.
 10267 | Temple   | Entered the Ecumenical Temple
 10429 | Temple   | Became a worshipper of Warmaster Okawaru
 10502 | D:7      | Found a blossoming altar of Fedhas.
 10801 | D:7      | Found a glowing golden altar of the Shining One.
 11192 | D:8      | Reached skill level 5 in Axes
 11326 | D:8      | Found a shimmering altar of Xom.
 11355 | D:8      | Found Waintilo's Antique Weapon Shop.
 11489 | D:8      | Noticed a deep elf mage
 11502 | D:8      | Noticed a jumping spider
 11503 | D:8      | Killed a deep elf mage
 11503 | D:8      | Reached * piety under Okawaru
 11989 | D:8      | Found a staircase to the Lair.
 11989 | D:8      | Noticed a death yak
 12157 | D:8      | Found an ancient bone altar of Kikubaaqudgha.
 12496 | D:8      | Noticed a two-headed ogre
 12653 | D:8      | Killed a two-headed ogre
 12653 | D:8      | Reached ** piety under Okawaru
 12653 | D:8      | Gained mutation: You have a pair of horns on your head. [demonic ancestry]
 12653 | D:8      | Reached XP level 10. HP: 25/63 MP: 4/20
 13003 | D:8      | HP: 1/63 [death yak (8)]
 13590 | D:8      | Killed a death yak
 13936 | Lair:1   | Entered Level 1 of the Lair of Beasts
 13942 | Lair:1   | Noticed a spiny frog
 13943 | Lair:1   | Noticed a spiny frog
 13945 | Lair:1   | Noticed a spiny frog
 13974 | Lair:1   | Reached *** piety under Okawaru
 14094 | Lair:1   | Killed a spiny frog
 14101 | Lair:1   | Slain by a spiny frog

Vault maps used:
D:1:      onia_arrival_pyramid
D:2:      uniq_terence
D:3:      minmay_goblin_kobold_castle, lemuel_coloured_pillars_altar,
          lemuel_round_altar, uniq_robin
D:4:      portal_sewer_entry_d, first_bread
D:5:      marbit_many_paths, elyvilon_altar_1, cheibrodos_ashenzari_chains,
          uniq_duvessa, uniq_crazy_yiuf_cottage, uniq_eustachio
D:6:      kennysheep_mini_moat, basic_altar
D:7:      tso_metal_star, lemuel_doored_altar, minmay_temple_entry_water_ring,
          minivault_26
D:8:      minmay_tri_box, kennysheep_little_box, xom_teletrap_fun,
          david_lair_generic, serial_shops, shop
Temple:   jpeg_temple_alley_garden
Lair:1:   beast_lair_carwin_4, uniq_prince_ribbit2
Sewer:    sewer_co_scattered_pipes

Skill      XL: |  1  2  3  4  5  6  7  8  9 10 |
---------------+-------------------------------+-----
Earth Magic    | 3 4 5 6 7 8 |  8.0
Spellcasting   | 3 4 5 6 7 |  7.7
Axes           | 1 4 6 7 |  7.2
Conjurations   | 2 4 7 8 |  8.1
Dodging        | |  1.7
Stealth        | |  1.7
Transmutations | |  0.8

Action                   |  1- 3 |  4- 6 |  7- 9 | 10-12 || total
-------------------------+-------+-------+-------+-------++-------
Melee: Whip              |       |    74 |    39 |    14 ||   127
       Headbutt          |       |    20 |     5 |     4 ||    29
 Cast: Sandblast         |    38 |   114 |   279 |    44 ||   475
       Stone Arrow       |       |     4 |    22 |     6 ||    32
Invok: Heroism           |       |       |     2 |     2 ||     4
Evoke: Wand              |       |       |       |     1 ||     1
  Use: Scroll            |     1 |     6 |     3 |     8 ||    18
       Potion            |       |     3 |       |       ||     3
 Stab: Sleeping          |       |     2 |       |       ||     2
       Distracted        |       |       |     1 |       ||     1
       Confused          |       |       |       |     4 ||     4
  Eat: Chunk             |     2 |    11 |    23 |       ||    36
       Meat ration       |       |       |       |     1 ||     1
       Fruit             |       |       |       |     1 ||     1
Armor: Robe              |     3 |    14 |    38 |       ||    55
       Steam dragon scal |       |       |     6 |     9 ||    15
Dodge: Dodged            |     5 |    64 |   125 |    14 ||   208
